 Dungeon Crawl Stone Soup version 0.25.1-2-g60ff931df9 (webtiles) character file.

Game seed: 14629543716827878933

108 Allula97 the Stinger (level 4, -1/37 HPs)
             Began as a Naga Venom Mage on Nov 17, 2020.
             Slain by an ufetubus (2 damage)
             ... summoned by Eustachio
             ... on level 6 of the Dungeon.
             The game lasted 00:13:48 (1669 turns).

Allula97 the Stinger (Naga Venom Mage)              Turns: 1669, Time: 00:13:49

Health: -1/37      AC:  2    Str: 10    XL:     4   Next: 87%
Magic:  1/7        EV: 10    Int: 16    God:
Gold:   112        SH:  0    Dex: 12    Spells: 2/8 levels left

rFire    + + .     SeeInvis +   (no weapon)
rCold    x . .     Gourm    .   (no shield)
rNeg     . . .     Faith    .   a - +0 robe
rPois    +         Spirit   .   (no helmet)
rElec    .         Reflect  .   (no cloak)
rCorr    .         Harm     .   (no gloves)
MR       .....                  (no barding)
Stlth    ++........             (no amulet)
HPRegen  0.12/turn              e - ring of protection from fire
MPRegen  0.10/turn              d - ring of fire

@: very slow
A: large, see invisible, deformed body, poison resistance, slowness 2, slow
metabolism 1, spit poison 1, AC +1
a: Spit Poison


You were on level 6 of the Dungeon.
You were hungry.

You visited 1 branch of the dungeon, and saw 4 of its levels.

You collected 112 gold pieces.

Inventory:

Hand Weapons
 o - a +0 short sword of speed
Missiles
 b - 12 poisoned darts (quivered)
 f - 2 atropa-tipped darts
Armour
 a - a +0 robe (worn)
 l - a +0 leather armour
Jewellery
 d - a ring of fire (right hand)
 e - a ring of protection from fire (left hand)
Scrolls
 i - a scroll of fear {unknown}
 j - a scroll of blinking {unknown}
 n - a scroll of enchant weapon {unknown}
 r - a scroll of identify {unknown}
Potions
 h - a potion of heal wounds {unknown}
 m - a potion of might {unknown}
 p - a potion of haste
 q - a potion of degeneration {unknown}
Comestibles
 c - 2 rations
 s - 4 chunks of flesh


   Skills:
 * Level 0.5 Fighting
 * Level 2.0 Dodging
 * Level 3.4 Stealth
 - Level 0.4 Unarmed Combat
 * Level 2.6 Spellcasting
 * Level 0.3 Conjurations
 + Level 1.3 Transmutations
 * Level 2.0 Air Magic
 * Level 4.7 Poison Magic


You had 2 spell levels left.
You knew the following spells:

 Your Spells              Type           Power        Failure   Level  Hunger
a - Sting                 Tmut/Pois      ##..         5%          1    #......
b - Poisonous Vapours     Pois/Air       ##....       8%          2    ##.....
c - Mephitic Cloud        Conj/Pois/Air  #.......     22%         3    ###....

Your spell library contained the following spells:

 Spells                   Type           Power        Failure   Level  Hunger
 Ignite Poison            Fire/Tmut/Pois ##......     26%         3    ###....
 Olgreb's Toxic Radiance  Pois           ###.....     26%         4    #####..


Dungeon Overview and Level Annotations

Branches:
Dungeon (3/15)

Altars:
Gozag

Annotations:
D:6 Eustachio


Innate Abilities, Weirdness & Mutations

You cannot wear boots.
Your serpentine skin is tough. (AC +1)
You have supernaturally acute eyesight. (SInv)
Armour fits poorly on your strangely shaped body.
Your system is resistant to poisons. (rPois)
You cover ground very slowly.
You have a slow metabolism.
You can spit poison.


Message History

* * * LOW HITPOINT WARNING * * *
The ufetubus barely misses you. The crimson imp barely misses you.
Eustachio mumbles some strange words.
The ufetubus closely misses you. x2
Okay, then.
The crimson imp blinks!
It was a potion of stabbing.
You feel ready to backstab. The ufetubus hits you.
* * * LOW HITPOINT WARNING * * *
The ufetubus closely misses you.
Eustachio mumbles some strange words.
Eustachio blinks!
It was a potion of cancellation.
Your magical effects are unravelling.
You feel magically purged.
You feel yourself slow down.
You feel less ready to backstab.
The ufetubus hits you but does no damage.
The ufetubus hits you.
You die...

. #. ....... #..
....... +... .......
##...#### .......
#.......# .......
#... #@# .......
#....##5#####.......
...§....§....#
###+###.5..÷.####
#...'.........#
#####......##.#
##..@...# #
#.......# #....####


You could see Eustachio (very poisoned), an iron imp (summoned) and an ufetubus
(summoned).

Vanquished Creatures
  A hound (D:6)
  3 gnolls (D:6)
  3 dart slugs
  2 leopard geckos (D:1)
  4 bats (D:1)
  3 giant cockroaches
  4 goblins
  8 hobgoblins
  5 kobolds (D:2)
  A ball python (D:2)
  3 frilled lizards (D:2)
  4 rats
41 creatures vanquished.

Notes
Turn   | Place    | Note
-------+----------+-------------------------------------------
     0 | D:1      | Allula97 the Naga Venom Mage began the quest for the Orb.
     0 | D:1      | Reached XP level 1. HP: 15/15 MP: 3/3
   175 | D:1      | Reached XP level 2. HP: 22/22 MP: 1/5
   797 | D:1      | Reached XP level 3. HP: 30/30 MP: 4/6
   883 | D:2      | Learned a level 2 spell: Poisonous Vapours
   887 | D:2      | Learned a level 3 spell: Mephitic Cloud
  1018 | D:2      | Found an opulent altar of Gozag.
  1490 | D:3      | You fall into a shaft and drop 3 floors!
  1513 | D:6      | Reached skill level 1 in Air Magic
  1513 | D:6      | Reached XP level 4. HP: 36/37 MP: 2/7
  1656 | D:6      | Noticed Eustachio
  1668 | D:6      | HP: 1/37 [ufetubus[Eustachio] (3)]
  1669 | D:6      | Slain by an ufetubus

Illustrated notes

Levels and vault maps discovered:
D:1:      mainiacjoe_arrival_reflecting_pool, layout_rooms
D:2:      layout_basic, lemuel_altar_in_water
D:3:      layout_basic, first_ration, minmay_circle_x
D:6:      layout_basic, minitemple, serial_shops, shop,
          minmay_misc_feat_nine_boxes, minmay_ruffians, uniq_eustachio,
          uniq_duvessa

Skill      XL: |  1  2  3  4 |
---------------+-------------+-----
Air Magic      | 1 2 |  2.0
Dodging        | 2 |  2.0
Fighting       | |  0.5
Stealth        | |  3.4
Unarmed Combat | |  0.4
Spellcasting   | |  2.6
Conjurations   | |  0.3
Transmutations | |  1.3
Poison Magic   | |  4.7

Action                   |  1- 3 |  4- 6 || total
-------------------------+-------+-------++-------
Melee: Unarmed           |    17 |     4 ||    21
 Cast: Sting             |    38 |     2 ||    40
       Poisonous Vapours |    10 |     4 ||    14
 Abil: Spit Poison       |    12 |     4 ||    16
  Use: Potion            |       |     3 ||     3
  Eat: Chunk             |     3 |       ||     3
Armor: Robe              |     4 |     2 ||     6
Dodge: Dodged            |    13 |    13 ||    26
